 Dungeon Crawl Stone Soup version 0.29-a0-878-g7b45a56547 (webtiles) character file.

Game seed: 8948378723539693009

4 mcwallace the Conjurer (level 1, 0/9 HPs)
             Began as a Vine Stalker Conjurer on July 19, 2022.
             Slain by a bat (1 damage)
             ... on level 1 of the Dungeon.
             The game lasted 00:00:31 (82 turns).

mcwallace the Conjurer (Vine Stalker Conjurer)        Turns: 82, Time: 00:00:32

Health: 0/9        AC:  2    Str:  9    XL:     1   Next: 70%
Magic:  0/4        EV: 12    Int: 18    God:
Gold:   0          SH:  0    Dex: 12    Spells: 3/4 levels left

rFire   . . .      SeeInvis .   d - +0 falchion {long}
rCold   . . .      Faith    .   (no shield)
rNeg    . . .      Spirit   +   a - +0 robe
rPois   .          Reflect  .   (no helmet)
rElec   .          Harm     .   (no cloak)
rCorr   .          Rampage  .   (no gloves)
Will    .....                   (no boots)
Stlth   ++........              (no amulet)
HPRegen 0.03/turn               (no ring)
MPRegen 0.09/turn               (no ring)

@: no status effects
A: fangs 2, magic shield, antimagic bite, no potion heal 2
a: no special abilities


You were on level 1 of the Dungeon.
You visited 1 branch of the dungeon, and saw 1 of its levels.


Innate Abilities, Weirdness & Mutations

You have extremely sharp teeth.
When hurt, damage is shared between your health and your magic reserves.
Your bite disrupts and absorbs the magic of your enemies.
Potions cannot restore your health.


   Skills:
 + Level 0.3 Fighting
 + Level 1.6 Dodging
 - Level 2.4 Stealth
 + Level 2.3 Spellcasting
 + Level 4.0 Conjurations


You had 3 spell levels left.
You knew the following spells:

 Your Spells              Type           Power      Damage    Failure   Level
a - Magic Dart            Conj           64%        1d6       3%          1

Your spell library contained the following spells:

 Spells                   Type           Power      Damage    Failure   Level
 Searing Ray              Conj           32%        2d5       4%          2
 Dazzling Flash           Conj/Hex       18%        N/A       22%         3
 Fulminant Prism          Conj/Hex       4%         3d6       58%         4
 Iskenderun's Mystic Bla  Conj/Tloc      9%         2d4       58%         4

Inventory:

Hand Weapons
 d - a +0 falchion (weapon) {long}
   (You found it on level 1 of the Dungeon)
Armour
 a - a +0 robe (worn)
 c - a +0 ring mail
   (You found it on level 1 of the Dungeon)
Potions
 b - a potion of magic
 e - 2 potions of haste {unknown}

Dungeon Overview and Level Annotations

Branches:
Dungeon (1/15) Zot: 5914

Altars:

.# .## .# .# .<### #.##.#
.>..## .....#. .....##
....#.. ......# .....)#
......# ....#.#
......#############w.....#
..........†.....@bK....#
.......####...#........#
.....######...#.###....#
................# ....#
......#####...### ....#
......# #...# #####
..)...# ##### ......#
......#


You could see a dart slug, a bat and a kobold.


Message History

Welcome, mcwallace the Vine Stalker Conjurer.
It is said that the Orb of Zot exists deep within this dungeon.
Press ? for a list of commands and other information.
Found a ring mail.
Found an escape hatch in the floor.
Found a staircase leading out of the dungeon.
c - a +0 ring mail A ball python comes into view.
Casting: Magic Dart (safe; 3% risk of failure)
Confirm with . or Enter, or press ? or * to list all spells.
Aiming: Magic Dart (safe; 3% risk of failure)
Press: ? - help, Shift-Dir - straight line, f - ball python
Aim: a ball python (100% to hit)
The magic dart hits the ball python.
You kill the ball python! 😎 MP[-1]
You lost 1 mp, and now have 3/4 mp.
d - a +0 falchion {long} You see here a ball python corpse.
e - 2 pink potions
d - a +0 falchion (weapon)
{long} Key pressed, stopping explore.
Unknown command.
An endoplasm comes into view.
The endoplasm quivers. 😎 MP[+1]
Your mp is fully restored (4).
An endoplasm is nearby!
A goblin comes into view. It is wielding a +0 club.
The goblin shouts!
The endoplasm closely misses you.
You slash the endoplasm!
You kill the endoplasm!
You hit the goblin.
You kill the goblin!
No target in view!
No target in view!
A rat comes into view.
A rat is nearby!
A rat is nearby!
A rat is nearby!
The rat bites you. 😕 HP[-1]
You take 1 damage, and now have 8/9 hp.
You hit the rat. Your bite misses the rat. The rat misses you.
You hit the rat.
You kill the rat!
No target in view!
No target in view!
You see here a rat corpse.
A kobold comes into view. It is wielding a +0 dagger.
A bat comes into view. 😎 HP[+1]
Your hp is fully restored (9).
There are monsters nearby!
There are monsters nearby!
There are monsters nearby!
You hit the bat. Your bite misses the bat. The bat hits you. 😎 MP[-1]
You lost 1 mp, and now have 3/4 mp.
You hit the bat. The bat hits you. 😕 HP[-1]
You take 1 damage, and now have 8/9 hp.
You closely miss the bat. The bat closely misses you.
The bat hits you but does no damage.
A dart slug comes into view.
The kobold shouts!
The bat closely misses you.
A bat comes into view.
The bat barely misses you.
The dart slug moves out of view.
You closely miss the kobold. You bite the kobold, but do no damage.
The bat barely misses you. The bat hits you but does no damage.
The kobold hits you with a +0 dagger. 😮 HP[-3] MP[-1]
You take 3 damage, and now have 5/9 hp.
MASSIVE DAMAGE!! (PAUSE)
You lost 1 mp, and now have 2/4 mp.
Casting: Magic Dart (safe; 3% risk of failure)
Confirm with . or Enter, or press ? or * to list all spells.
Aiming: Magic Dart (safe; 3% risk of failure)
Press: ? - help, Shift-Dir - straight line, f - bat
Aim: a bat (100% to hit)
The magic dart hits the bat.
You kill the bat!
The bat closely misses you. The kobold hits you with a +0 dagger.
* * * LOW HITPOINT WARNING * * *
😱 HP[-3] MP[-1]
You take 3 damage, and now have 2/9 hp.
MASSIVE DAMAGE!! (PAUSE)
You lost 1 mp, and now have 1/4 mp.
Unknown command.
You closely miss the kobold. Your bite misses the kobold.
The bat hits you but does no damage. The kobold misses you.
The kobold hits you with a +0 dagger.
* * * LOW HITPOINT WARNING * * *
😱 HP[-1] MP[-1]
You take 1 damage, and now have 1/9 hp.
You lost 1 mp, and now have 0/4 mp.
The bat hits you but does no damage. The kobold attacks as you move away!
The kobold hits you but does no damage. The bat hits you.
You die...

Action                   || total
-------------------------++-------
Melee: Falchion          ||     9
       Bite              ||     1
 Cast: Magic Dart        ||     2
Armor: Robe              ||     5
Dodge: Dodged            ||     8

Levels and vault maps discovered:
D:1:      dpeg_arrival_tiny_a, layout_rooms, chequers_serial_rivers_micro_c

Notes
Turn   | Place    | Note
-------+----------+-------------------------------------------
     0 | D:1      | mcwallace the Vine Stalker Conjurer began the quest for the
                  | Orb.
     0 | D:1      | Reached XP level 1. HP: 9/9 MP: 4/4
     0 | D:1      | magus.rc [v1.9.6]
    79 | D:1      | HP: 2/9 [kobold/+0 dagger (3)]
    82 | D:1      | Slain by a bat

Vanquished Creatures
  An endoplasm (D:1)
  A goblin (D:1)
  A ball python (D:1)
  A bat (D:1)
  A rat (D:1)
5 creatures vanquished.

Table legend:
 A = Non-vault XP
 B = Vault XP
 C = Vault XP percentage of total XP
 D = Non-vault monster count
 E = Vault monster count
 F = Vault count percentage of total count
                 A         B        C        D         E       F
            +---------+---------+-------+---------+---------+-------
      Total |       7 |       0 |   0.0 |       5 |       0 |   0.0
            +---------+---------+-------+---------+---------+-------
        D:1 |       7 |       0 |   0.0 |       5 |       0 |   0.0
            +---------+---------+-------+---------+---------+-------

Illustrated notes

Table legend:
 A = Kills in this place as a percentage of kills in entire the game.
 B = Kills by you in this place as a percentage of kills by you in the entire game.
 C = Kills by friends in this place as a percentage of kills by friends in the entire game.
 D = Other kills in this place as a percentage of other kills in the entire game.
 E = Experience gained in this place as a percentage of experience gained in the entire game.
 F = Experience gained in this place divided by the number of levels of this place that you have seen.
                   A       B       C       D       E      F
               +-------+-------+-------+-------+-------+----------------------
         Total | 100.0 | 100.0 |   N/A |   N/A | 100.0 |   7.0
       Dungeon | 100.0 | 100.0 |   N/A |   N/A | 100.0 |   7.0
               +-------+-------+-------+-------+-------+----------------------

Table legend: (Time is in decaauts)
 A = Elapsed time spent in this place.
 B = Non-inter-level travel time spent in this place.
 C = Inter-level travel time spent in this place.
 D = Time resting spent in this place.
 E = Time spent auto-exploring this place.
 F = Levels seen in this place.
 G = Mean time per level.
                   A        B        C        D        E       F      G
               +--------+--------+--------+--------+--------+-----+--------+
         Total |     84 |     84 |      0 |      0 |     48 |   1 |   84.0 |
       Dungeon |     84 |     84 |      0 |      0 |     48 |   1 |   84.0 |
               +--------+--------+--------+--------+--------+-----+--------+

Top non-repeatable levels by time:
     D:1: 84 daAuts
